 Dungeon Crawl Stone Soup version 0.27-a0-661-gca034ae587 (webtiles) character file.

Game seed: 4248758996913123111

12 Johnny the Digger (level 2, -2/16 HPs)
             Began as a Deep Elf Earth Elementalist on Mar 17, 2021.
             Slain by a hobgoblin
             ... wielding a +0 club
              (3 damage)
             ... on level 1 of the Dungeon.
             The game lasted 00:00:22 (235 turns).

Johnny the Digger (Deep Elf Earth Elementalist)      Turns: 235, Time: 00:00:23

Health: -2/16      AC:  2    Str:  5    XL:     2   Next: 20%
Magic:  3/8        EV: 12    Int: 19    God:
Gold:   19         SH:  0    Dex: 15    Spells: 6/7 levels left

rFire    . . .     SeeInvis .   (no weapon)
rCold    . . .     Faith    .   (no shield)
rNeg     . . .     Spirit   .   c - +0 robe
rPois    .         Reflect  .   (no helmet)
rElec    .         Harm     .   (no cloak)
rCorr    .         Rampage  .   (no gloves)
Will     .....                  (no boots)
Stlth    ++........             (no amulet)
HPRegen  0.05/turn              (no ring)
MPRegen  0.11/turn              (no ring)

@: no status effects
A: no striking features
a: no special abilities


You were on level 1 of the Dungeon.
You visited 1 branch of the dungeon, and saw 1 of its levels.

You collected 19 gold pieces.

Inventory:

Missiles
 b - 14 stones
Armour
 c - a +0 robe (worn)
Scrolls
 d - 2 scrolls of identify {unknown}
Potions
 a - a potion of berserk rage {unknown}


   Skills:
 * Level 1.0 Fighting
 - Level 2.4 Dodging
 - Level 2.4 Stealth
 + Level 3.3 Spellcasting
 - Level 1.1 Transmutations
 + Level 3.5 Earth Magic


You had 6 spell levels left.
You knew the following spells:

 Your Spells              Type           Power      Damage    Failure   Level
a - Sandblast             Erth           32%        2d9       3%          1

Your spell library contained the following spells:

 Spells                   Type           Power      Damage    Failure   Level
 Passwall                 Tmut/Erth      9%         N/A       9%          2
 Stone Arrow              Conj/Erth      18%        3d8       22%         3
 Petrify                  Tmut/Erth      11%        N/A       50%         4
 Lee's Rapid Deconstruct  Erth           8%         3d8*      69%         5


Dungeon Overview and Level Annotations

Branches:
Dungeon (1/15)

Altars:


Message History

You closely miss the bat. The bat closely misses you.
The bat closely misses you.
Casting: Sandblast (safe; 3% risk of failure)
Confirm with . or Enter, or press ? or * to list all spells.
Aiming: Sandblast (safe; 3% risk of failure)
Press: ? - help, Shift-Dir - straight line, f - bat
Aim: a bat (31% to evade)
The blast of sand misses the bat.
The bat closely misses you. The bat misses you.
The hobgoblin barely misses you.
Casting: Sandblast (safe; 3% risk of failure)
Confirm with . or Enter, or press ? or * to list all spells.
Aiming: Sandblast (safe; 3% risk of failure)
Press: ? - help, Shift-Dir - straight line, f/p - bat
Aim: a bat (31% to evade)
The blast of sand misses the bat.
The bat misses you. The hobgoblin misses you.
Casting: Sandblast (safe; 3% risk of failure)
Confirm with . or Enter, or press ? or * to list all spells.
Aiming: Sandblast (safe; 3% risk of failure)
Press: ? - help, Shift-Dir - straight line, f/p - bat
Aim: a bat (31% to evade)
The blast of sand hits the bat!
You kill the bat!
The hobgoblin hits you with a +0 club!
Ouch! That really hurt!
Casting: Sandblast (safe; 3% risk of failure)
Confirm with . or Enter, or press ? or * to list all spells.
Aiming: Sandblast (safe; 3% risk of failure)
Press: ? - help, Shift-Dir - straight line, f - hobgoblin
Aim: a hobgoblin, wielding a +0 club (21% to evade)
The blast of sand misses the hobgoblin.
The hobgoblin hits you with a +0 club.
* * * LOW HITPOINT WARNING * * *
Casting: Sandblast (safe; 3% risk of failure)
Confirm with . or Enter, or press ? or * to list all spells.
Aiming: Sandblast (safe; 3% risk of failure)
Press: ? - help, Shift-Dir - straight line, f/p - hobgoblin
Aim: a hobgoblin, wielding a +0 club (21% to evade)
The blast of sand hits the hobgoblin.
The hobgoblin is severely wounded.
The hobgoblin hits you with a +0 club.
You die...

##..# ..> #..##
..####..# .... ##.#
##..####.#####
###............#
.....########.#####
##g..## #.........#
#.###.@...###.###.###.#
..........###..#(#.....#
#.######.## #.#.#.#)#..#
#.# ##.#.#.....# #.#
#.#...#....# ##'##
##.#.#.##.##
##...###.#.#.#.#.#
##.....##....#..#.#
##>......###.##..#.#


You could see a hobgoblin.

Vanquished Creatures
  A dart slug (D:1)
  2 hobgoblins (D:1)
  4 jackals (D:1)
  2 bats (D:1)
9 creatures vanquished.

Notes
Turn   | Place    | Note
-------+----------+-------------------------------------------
     0 | D:1      | Johnny the Deep Elf Earth Elementalist began the quest for
                  | the Orb.
     0 | D:1      | Reached XP level 1. HP: 10/10 MP: 6/6
   130 | D:1      | Reached XP level 2. HP: 16/16 MP: 0/8
   139 | D:1      | Reached skill level 1 in Fighting
   235 | D:1      | Slain by a hobgoblin

Illustrated notes

Levels and vault maps discovered:
D:1:      dpeg_arrival_long_road, layout_loops_corners, minmay_tiny_reverse_x

Skill      XL: |  1  2 |
---------------+-------+-----
Fighting       | 1 |  1.0
Dodging        | |  2.4
Stealth        | |  2.4
Spellcasting   | |  3.3
Transmutations | |  1.1
Earth Magic    | |  3.5

Action                   || total
-------------------------++-------
Melee: Unarmed           ||     8
 Cast: Sandblast         ||    16
Armor: Robe              ||     4
Dodge: Dodged            ||    18

Table legend: (Time is in decaauts)
 A = Elapsed time spent in this place.
 B = Non-inter-level travel time spent in this place.
 C = Inter-level travel time spent in this place.
 D = Time resting spent in this place.
 E = Time spent auto-exploring this place.
 F = Levels seen in this place.
 G = Mean time per level.
                   A        B        C        D        E       F      G
               +--------+--------+--------+--------+--------+-----+--------+
         Total |    235 |    235 |      0 |      0 |    189 |   1 |  235.0 |
       Dungeon |    235 |    235 |      0 |      0 |    189 |   1 |  235.0 |
               +--------+--------+--------+--------+--------+-----+--------+

Top non-repeatable levels by time:
     D:1: 235 daAuts
